 Dungeon Crawl Stone Soup version 0.25.1-2-g60ff931df9 (webtiles) character file.

Game seed: 4198914596894332377

198 Revguard the Charmwright (level 5, 0/44 HPs)
             Began as a Draconian Skald on Aug 6, 2020.
             Killed by nerve-wracking pain
             ... invoked by an orc priest
              (14 damage)
             ... on level 2 of the Dungeon.
             The game lasted 00:03:45 (921 turns).

Revguard the Charmwright (Draconian Skald)           Turns: 921, Time: 00:03:45

Health: 0/44       AC:  5    Str: 13    XL:     5   Next: 47%
Magic:  8/8        EV: 13    Int: 15    God:
Gold:   96         SH:  0    Dex: 16    Spells: 4/9 levels left

rFire    . . .     SeeInvis .   a - +0 falchion
rCold    . . .     Gourm    .   (no shield)
rNeg     . . .     Faith    .   (armour unavailable)
rPois    .         Spirit   .   (helmet restricted)
rElec    .         Reflect  .   (no cloak)
rCorr    .         Harm     .   (no gloves)
MR       .....                  (no boots)
Stlth    ++........             g - amulet of the acrobat
HPRegen  0.14/turn              k - +6 ring of dexterity
MPRegen  0.11/turn              (no ring)

@: singing (expiring)
A: unfitting armour, cold-blooded, AC +5
a: no special abilities


You were on level 2 of the Dungeon.
You were not hungry.

You visited 1 branch of the dungeon, and saw 2 of its levels.

You collected 96 gold pieces.

Inventory:

Hand Weapons
 a - a +0 falchion (weapon)
Jewellery
 g - an amulet of the acrobat (around neck)
 k - a +6 ring of dexterity (left hand)
Scrolls
 e - 2 scrolls of teleportation {unknown}
 h - 2 scrolls of identify {unknown}
 j - 2 scrolls of blinking {unknown}
Potions
 d - a potion of stabbing {unknown}
 i - a potion of might {unknown}
Comestibles
 c - 4 rations
 f - 4 chunks of flesh


   Skills:
 + Level 2.9 Fighting
 + Level 3.0 Long Blades
 + Level 2.9 Dodging
 + Level 0.3 Stealth
 + Level 2.5 Spellcasting
 + Level 3.5 Charms
 * Level 1.9 Translocations


You had 4 spell levels left.
You knew the following spells:

 Your Spells              Type           Power        Failure   Level  Hunger
a - Infusion              Chrm           ##..         4%          1    #......
b - Song of Slaying       Chrm           ##......     8%          2    ###....
c - Shroud of Golubria    Chrm/Tloc      ##....       11%         2    ###....

Your spell library contained the following spells:

 Spells                   Type           Power        Failure   Level  Hunger
 Ozocubu's Armour         Chrm/Ice       #.......     30%         3    ###....
 Spectral Weapon          Hex/Chrm       #.......     30%         3    ###....


Dungeon Overview and Level Annotations

Branches:
Dungeon (2/15)

Altars:
Uskayaw


Innate Abilities, Weirdness & Mutations

Your plain brown scales are hard. (AC +5)
You cannot fit into any form of body armour.
You are cold-blooded and may be slowed by cold attacks.


Message History

The orc barely misses you.
The orc priest hits you with a +0 short sword.
The orc hits you from afar with a +0 trident.
* * * LOW HITPOINT WARNING * * *
You feel better.
The orc priest hits you with a +0 short sword.
* * * LOW HITPOINT WARNING * * *
You hit the orc priest but do no damage.
The orc priest is heavily wounded.
The orc closely misses you. The orc priest misses you.
The orc hits you but does no damage.
You hit the orc priest but do no damage.
You tail-slap the orc priest, but do no damage.
The orc priest is heavily wounded.
The orc priest misses you.
You riposte.
You hit the orc priest.
The orc priest is almost dead.
The orc hits you but does no damage.
The orc priest mumbles some strange prayers to Beogh against you.
Pain shoots through your body!
You die...

.#)..#.. #.. ........
#.# .#...#.. #.#
........
#.############# ####
#.##........... ....
#.##.# #.....[.
#.o####.##.###.####.#
#..o@............##.#
#.###.#.##.#####.##.#
######.# #.....>#
#.###..)...#
##..........#
#...##.)...##
#.......##.....#
##P.....####.###
##P#..## #.#


You could see an orc priest and an orc.

Vanquished Creatures
  Sigmund (D:2)
  3 dart slugs (D:1)
  2 orcs (D:2)
  2 giant cockroaches (D:1)
  6 goblins
  2 hobgoblins
  A kobold (D:2)
  5 bats (D:1)
  4 rats (D:1)
26 creatures vanquished.

Notes
Turn   | Place    | Note
-------+----------+-------------------------------------------
     0 | D:1      | Revguard the Draconian Skald began the quest for the Orb.
     0 | D:1      | Reached XP level 1. HP: 17/17 MP: 3/3
   164 | D:1      | Reached XP level 2. HP: 21/24 MP: 5/5
   172 | D:1      | Learned a level 2 spell: Song of Slaying
   175 | D:1      | Learned a level 2 spell: Shroud of Golubria
   607 | D:2      | Reached XP level 3. HP: 30/30 MP: 6/6
   660 | D:2      | Found a hide-covered altar of Uskayaw.
   662 | D:2      | Noticed a +0 hand axe
   662 | D:2      | Noticed a +0 dagger
   687 | D:2      | Noticed Sigmund
   705 | D:2      | Killed Sigmund
   705 | D:2      | Reached skill level 1 in Translocations
   705 | D:2      | Reached XP level 4. HP: 15/37 MP: 0/7
   705 | D:2      | Reached XP level 5. HP: 18/44 MP: 0/8
   921 | D:2      | Killed from afar by an orc priest

Illustrated notes

Levels and vault maps discovered:
D:1:      saegor_arrival_miasma, layout_rooms
D:2:      layout_loops_ring, dancing_weapons_uskayaw,
          lemuel_coloured_pillars_altar, minmay_misc_feat_doors, uniq_sigmund,
          uniq_crazy_yiuf_cottage

Skill      XL: |  1  2  3 |
---------------+----------+-----
Charms         | 3 |  3.5
Long Blades    | 3 |  3.0
Translocations | 1 |  1.9
Fighting       | |  2.9
Dodging        | |  2.9
Stealth        | |  0.3
Spellcasting   | |  2.5

Action                   |  1- 3 |  4- 6 || total
-------------------------+-------+-------++-------
Melee: Falchion          |    56 |    18 ||    74
       Tailslap          |     9 |     4 ||    13
 Cast: Shroud of Golubri |     1 |       ||     1
       Infusion          |     1 |       ||     1
       Song of Slaying   |       |     1 ||     1
  Use: Potion            |       |     3 ||     3
Armor: Skin              |    15 |     4 ||    19
Dodge: Dodged            |    58 |    15 ||    73
       Rpst.: Falchion   |    19 |     1 ||    20
